 Dungeon Crawl Stone Soup version 0.21.1-1-g345015f (webtiles) character file.

186 Mirai the Skirmisher (level 5, -6/46 HPs)
             Began as a Draconian Fighter on Mar 7, 2018.
             Mangled by Mgcat's ghost (10 damage)
             ... on level 3 of the Dungeon.
             The game lasted 00:06:38 (2927 turns).

Mirai the Skirmisher (Draconian Fighter)            Turns: 2927, Time: 00:06:39

Health: -6/46      AC:  7    Str: 19    XL:     5   Next: 38%
Magic:  5/5        EV: 11    Int:  8    God:
Gold:   86         SH:  9    Dex: 11    Spells: 4/4 levels left

rFire    + . .     SeeInvis .   a - +0 war axe
rCold    . . .     Gourm    .   f - +0 shield (curse)
rNeg     . . .     Faith    .   (armour unavailable)
rPois    .         Spirit   .   (helmet restricted)
rElec    .         Reflect  .   (no cloak)
rCorr    .         Harm     .   (no gloves)
MR       .....                  o - +1 pair of boots
Stlth    +.........             (no amulet)
HPRegen  0.15/turn              l - ring of protection from fire
MPRegen  0.09/turn              (no ring)

@: no status effects
A: unfitting armour, cold-blooded, AC +5
a: no special abilities


You were on level 3 of the Dungeon.
You were not hungry.

You visited 1 branch of the dungeon, and saw 3 of its levels.

You collected 86 gold pieces.

Inventory:

Hand Weapons
 a - a +0 war axe (weapon)
Armour
 b - a +0 shield
 f - a cursed +0 shield (worn)
 o - a +1 pair of boots (worn)
 r - a +0 shield
Jewellery
 l - a ring of protection from fire (left hand)
Scrolls
 e - a scroll of immolation {unknown}
 g - 3 scrolls of remove curse {unknown}
 h - 3 scrolls of teleportation {unknown}
 i - a scroll of identify {unknown}
 m - 2 scrolls of blinking {unknown}
 n - a scroll of amnesia {unknown}
 p - a scroll of fear {unknown}
 t - 2 scrolls of magic mapping {unknown}
Potions
 c - a potion of agility
Comestibles
 d - 2 rations


   Skills:
 + Level 4.1 Fighting
 + Level 4.0 Axes
 + Level 3.3 Dodging
 + Level 3.8 Shields


You had 4 spell levels left.
You didn't know any spells.

Dungeon Overview and Level Annotations

Branches:
Dungeon (3/15)

Altars:
Dithmenos
Vehumet
Wu Jian

Annotations:
D:3 Mgcat's ghost, amateur FoCK


Innate Abilities, Weirdness & Mutations

Your plain brown scales are hard. (AC +5)
You cannot fit into any form of body armour.
You are cold-blooded and may be slowed by cold attacks.


Message History

Mgcat's ghost misses you.
You closely miss Mgcat's ghost.
Your tail-slap misses Mgcat's ghost.
Mgcat's ghost is severely damaged.
Mgcat's ghost completely misses you.
You hit Mgcat's ghost.
Mgcat's ghost is severely damaged.
You block Mgcat's ghost's attack.
You hit Mgcat's ghost.
Mgcat's ghost is almost destroyed.
Mgcat's ghost hits you.
Mgcat's ghost hits you but does no damage.
You barely miss Mgcat's ghost.
Mgcat's ghost is almost destroyed.
Mgcat's ghost hits you!
* * * LOW HITPOINT WARNING * * *
You closely miss Mgcat's ghost.
Mgcat's ghost is almost destroyed.
Mgcat's ghost hits you but does no damage.
Mgcat's ghost hits you!
You die...

#.##....)#<............
#....<...).....#.######
#####.#..##....#...
#.#...#....#####
#.#...#....#
#####.#...#......
+...........#..###
####.####.###..#
+....W@.....#
########..#.# #.# .# .
#. .. ..


You could see Mgcat's ghost.

Vanquished Creatures
  Terence (D:2)
  4 adders
  4 gnolls (D:2)
  2 oozes
  A worm (D:2)
  2 dart slugs (D:1)
  3 leopard geckos
  4 orcs
  4 giant cockroaches
  10 hobgoblins
  A quokka (D:2)
  2 ball pythons
  7 bats
  5 frilled lizards
  9 goblins
  6 kobolds
  4 rats
69 creatures vanquished.

Notes
Turn   | Place    | Note
-------+----------+-------------------------------------------
     0 | D:1      | Mirai the Draconian Fighter began the quest for the Orb.
     0 | D:1      | Reached XP level 1. HP: 19/19 MP: 1/1
   147 | D:1      | Reached XP level 2. HP: 26/26 MP: 2/2
   610 | D:1      | Reached XP level 3. HP: 28/33 MP: 3/3
   903 | D:2      | Found a shadowy altar of Dithmenos.
   972 | D:2      | Reached XP level 4. HP: 10/40 MP: 4/4
  1384 | D:2      | Found a radiant altar of Vehumet.
  1397 | D:2      | HP: 2/40 [goblin/uncursed club (1)]
  1773 | D:2      | Found an ornate altar of the Wu Jian Council.
  1991 | D:2      | Noticed Terence
  1996 | D:2      | Killed Terence
  1996 | D:2      | Reached XP level 5. HP: 31/46 MP: 5/5
  2147 | D:3      | Noticed Mgcat's ghost (amateur FoCK)
  2927 | D:3      | Mangled by Mgcat's ghost

Skill      XL: |  1  2  3  4  5 |
---------------+----------------+-----
Dodging        | 3 |  3.3
Axes           | 3 4 |  4.0
Fighting       | 4 |  4.1
Shields        | |  3.8

Action                   |  1- 3 |  4- 6 || total
-------------------------+-------+-------++-------
Melee: War axe           |    98 |   128 ||   226
       Tailslap          |    11 |    14 ||    25
  Use: Potion            |     1 |     4 ||     5
 Stab: Sleeping          |       |     1 ||     1
  Eat: Chunk             |       |     5 ||     5
       Ration            |       |     1 ||     1
Armor: Skin              |    34 |    46 ||    80
Dodge: Dodged            |    42 |    85 ||   127
Block: Shield            |    50 |    78 ||   128
